 Dungeon Crawl Stone Soup version 0.21-a0-440-g28109cb (webtiles) character file.

20566 tof the Cruncher (level 12, -5/84 HPs)
             Began as a Demonspawn Gladiator on Nov 11, 2017.
             Was a High Priest of Hepliaklqana.
             Slain by a snapping turtle (26 damage)
             ... on level 4 of the Lair of Beasts.
             The game lasted 01:03:32 (14151 turns).

tof the Cruncher (Demonspawn Gladiator)            Turns: 14151, Time: 01:03:32

Health: -5/84      AC: 17    Str: 19    XL:     12   Next: 46%
Magic:  17/17      EV: 15    Int: 10    God:    Hepliaklqana [*****.]
Gold:   751        SH:  0    Dex: 19    Spells: 11/11 levels left

rFire    + . .     SeeInvis .   a - +4 quarterstaff (chaos)
rCold    + . .     Gourm    .   (shield currently unavailable)
rNeg     . . .     Faith    .   r - +0 chain mail
rPois    .         Spirit   .   g - +0 hat
rElec    .         Reflect  .   y - +2 cloak
rCorr    .         Harm     .   (gloves unavailable)
MR       .....                  U - +2 pair of boots
Stlth    ..........             S - amulet of regeneration
HPRegen  1.04/turn              i - +4 ring of strength
MPRegen  0.15/turn              O - +3 ring of evasion

@: no status effects
A: reduced essence, antennae 1, claws 3, blurry vision 1, cold resistance 1,
demonic guardian 2, fire resistance 1, regeneration 1, flame cloud immunity
a: Recall Ancestor, Ancestor Identity, Transference, Idealise, Renounce Religion


You were on level 4 of the Lair of Beasts.
You worshipped Hepliaklqana.
Hepliaklqana was extremely pleased with you.
You were not hungry.

You visited 2 branches of the dungeon, and saw 17 of its levels.

You collected 946 gold pieces.
You spent 195 gold pieces at shops.

Inventory:

Hand Weapons
 a - a +4 quarterstaff of chaos (weapon)
 b - a +4 blowgun
Missiles
 q - 51 poisoned needles
 D - 2 javelins (quivered)
 Y - 12 curare-tipped needles
Armour
 g - a +0 hat (worn)
 r - a +0 chain mail (worn)
 y - a +2 cloak (worn)
 U - a +2 pair of boots (worn)
 X - a +1 pair of gloves
Magical Staves
 x - an uncursed staff of air
Jewellery
 i - a +4 ring of strength (left claw)
 E - an uncursed ring of resist corrosion
 O - a +3 ring of evasion (right claw)
 S - an amulet of regeneration (around neck)
Wands
 j - a wand of confusion (15/48)
 A - a wand of digging (19/24)
 W - a wand of acid (7/15)
Scrolls
 e - 4 scrolls of enchant armour
 k - 8 scrolls of remove curse
 l - 12 scrolls of teleportation {unknown}
 n - 5 scrolls of immolation {unknown}
 o - a scroll of torment {unknown}
 t - 6 scrolls of enchant weapon
 C - a scroll of recharging
 I - 3 scrolls of blinking
 J - 2 scrolls of amnesia
 K - 4 scrolls of fog
 M - 2 scrolls of fear
 N - a scroll of silence
 P - 2 scrolls of magic mapping
Potions
 f - 3 potions of haste
 h - 9 potions of curing
 v - 4 potions of brilliance {unknown}
 w - 2 potions of invisibility
 B - 4 potions of berserk rage
 G - 5 potions of lignification {unknown}
 H - 6 potions of heal wounds
 L - a potion of cancellation
 Q - 2 potions of might
 R - a potion of agility
 T - 3 potions of flight {unknown}
 V - a potion of ambrosia
Miscellaneous
 s - a lamp of fire
 z - a phantom mirror
Comestibles
 c - 8 bread rations
 m - 8 meat rations
 p - 14 royal jellies
 u - 14 fruits


   Skills:
 + Level 8.3 Fighting
 * Level 10.6 Staves
 + Level 7.6 Throwing
 + Level 7.2 Armour
 + Level 7.8 Dodging
 + Level 7.7 Evocations


You had 11 spell levels left.
You didn't know any spells.

Dungeon Overview and Level Annotations

Branches:
Dungeon (13/15)            Temple (0/1) D:7            Lair (4/6) D:8
 Shoals (0/4) Lair:4       Spider (0/4) Lair:4          Orc (0/2) D:10
 Vaults: D:13-14

Altars:
Ashenzari
Gozag
Hepliaklqana
Makhleb
Sif Muna
Uskayaw
Xom
Yredelemnul
The Shining One

Shops:
D:9 *   D:11 }


Innate Abilities, Weirdness & Mutations

You have a pair of small antennae on your head.
You have claws for hands.
A demonic guardian rushes to your aid.
Your flesh is heat resistant. (rF+)
You are immune to clouds of flame.
Your life essence is reduced to manifest your ancestor. (-10% HP)
Scrolls take you a little longer to read.
Your flesh is cold resistant. (rC+)
Your natural rate of healing is unusually fast.


Message History

The snapping turtle is heavily wounded.
Xiloxoch hits the snapping turtle with a quarterstaff.
The helpless snapping turtle fails to defend itself.
You hit the snapping turtle.
The snapping turtle is severely wounded.
Xiloxoch hits the snapping turtle with a quarterstaff!
The helpless snapping turtle fails to defend itself.
You hit the snapping turtle but do no damage.
The snapping turtle flickers and vanishes!
Deactivating autopickup; reactivate with Ctrl-A.
Something bites you!!
You hit something but do no damage. Something bites you but does no damage.
Xiloxoch barely misses something.
You thump something! You freeze something.
Something bites you but does no damage.
Xiloxoch hits something with a quarterstaff!
You hit something but do no damage. Something bites you!
* * * LOW HITPOINT WARNING * * *
You hit something. Something bites you!!
You die...

.................................
..........>......................
...........≈≈≈≈≈≈≈...............
..........≈≈≈≈≈≈≈≈≈..............
.........≈≈≈#####≈≈≈.............
.........≈≈##...##≈≈.............
######...≈≈#.....#≈≈....#..#.....
##...≈≈#..>{R'...#########...
#....≈≈#....@#≈≈.## #P.<
##...≈≈##...##≈≈≈≈# ##..
#...≈≈≈#####≈≈≈P## ##..
#....≈≈≈≈≈≈≈≈≈### #...
##R....≈≈≈≈≈≈≈#≈# #...
#.#.......≈##≈### #...
###.......##### ##.. #.......#
#... ##.......# #P..


You could see the friendly Xiloxoch the battlemage.

Vanquished Creatures
  Gastronok (Lair:2)
  A cyclops (D:12)
  4 spiny frogs
  2 komodo dragons
  The ghost of hypernormal the Slasher, a novice TeBe of Trog (D:5)
  3 blink frogs (Lair:3)
  2 dream sheep (Lair:2)
  A hippogriff (Lair:2)
  10 yaks
  A water elemental (D:12)
  A wraith (D:10)
  2 vampire mosquitoes (D:12)
  A soldier ant (D:12)
  2 porcupines
  5 water moccasins
  An orc warrior (D:11)
  An ice beast (D:8)
  A sky beast (D:10)
  2 black bears
  2 phantoms
  7 ogres
  3 centaurs
  3 crocodiles
  2 big kobolds
  5 bullfrogs
  Dowan (D:6)
  A scorpion (D:5)
  6 killer bees
  4 wights
  4 howler monkeys
  2 crimson imps
  A centaur zombie (D:6)
  An orc wizard (D:11)
  Crazy Yiuf (D:3)
  4 iguanas
  2 orc priests
  A bullfrog skeleton (D:5)
  Natasha (D:3)
  6 worker ants
  A hound skeleton (D:9)
  A worker ant zombie (D:5)
  10 adders
  2 oozes
  An adder zombie (D:6)
  An adder skeleton (D:5)
  2 worms
  2 dart slugs
  7 leopard geckos
  22 orcs
  A ball python (D:1)
  7 bats
  4 giant cockroaches
  6 goblins
  14 hobgoblins
  6 jackals
  32 kobolds
  3 quokkas
  4 frilled lizards
  6 rats
  5 plants (D:5)
236 creatures vanquished.

Vanquished Creatures (collateral kills)
  2 two-headed ogres
  Sonja (Lair:3)
  The ghost of Scuka the Thaumaturge, a novice DESu of Sif Muna (D:12)
  An unseen horror (shapeshifter) (Lair:1)
  2 ugly things
  A black mamba (Lair:3)
  2 spiny frogs (Lair:4)
  A komodo dragon (D:12)
  A troll (D:11)
  A hornet (D:12)
  Grinder (D:5)
  3 blink frogs (Lair:3)
  4 dream sheep (Lair:2)
  2 hippogriffs (D:12)
  Eustachio (D:6)
  12 yaks
  A hungry ghost (D:12)
  A hell hound (D:8)
  5 porcupines
  Duvessa (D:6)
  3 water moccasins
  2 orc warriors
  An ice beast (shapeshifter) (D:8)
  3 ogres
  A phantom (D:6)
  2 crocodiles
  3 centaurs
  3 bullfrogs
  2 scorpions
  5 killer bees (D:11)
  3 wights
  3 electric eels
  A crimson imp (D:3)
  A jelly (D:6)
  2 hounds
  A bullfrog zombie (D:9)
  2 bullfrog skeletons
  2 orc priests
  A centaur skeleton (D:6)
  3 orc wizards
  2 worker ants
  Natasha (twice) (D:3)
  3 iguanas
  A killer bee zombie (D:8)
  A howler monkey zombie (D:9)
  An adder (D:5)
  A dart slug (D:3)
  A leopard gecko (D:6)
  11 orcs
  A goblin (D:3)
  2 jackals (D:3)
  A ball python (D:3)
  A frilled lizard (D:4)
  A kobold (D:8)
  A rat (D:3)
118 creatures vanquished.

Vanquished Creatures (others)
  A hell hound (D:8)
  A wight (D:7)
  A jelly (D:11)
  2 battlemagi
  A fungus (Lair:3)
  A plant (D:5)
7 creatures vanquished.

Grand Total: 361 creatures vanquished

Notes
Turn   | Place    | Note
-------+----------+-------------------------------------------
     0 | D:1      | tof the Demonspawn Gladiator began the quest for the Orb.
     0 | D:1      | Reached XP level 1. HP: 16/16 MP: 1/1
    77 | D:1      | Gained mutation: You have sharp fingernails. [demonic ancestry]
    77 | D:1      | Reached XP level 2. HP: 13/22 MP: 2/2
   209 | D:1      | Reached skill level 3 in Staves
   682 | D:1      | Gained mutation: Your flesh is heat resistant. (rF+) [demonic ancestry]
   682 | D:1      | Reached XP level 3. HP: 20/27 MP: 3/3
  1742 | D:2      | Reached skill level 1 in Armour
  2227 | D:2      | Found an opulent altar of Gozag.
  2269 | D:2      | Found a shattered altar of Ashenzari.
  2657 | D:2      | Gained mutation: Scrolls take you a little longer to read. [potion of mutation]
  2657 | D:2      | Gained mutation: Your natural rate of healing is unusually fast. [potion of mutation]
  2657 | D:2      | Gained mutation: Your flesh is cold resistant. (rC+) [potion of mutation]
  2765 | D:2      | Gained mutation: A weak demonic guardian rushes to your aid. [demonic ancestry]
  2765 | D:2      | Reached XP level 4. HP: 23/34 MP: 4/4
  3025 | D:3      | Noticed Natasha
  3035 | D:3      | Killed Natasha
  3155 | D:3      | Noticed Natasha
  3162 | D:3      | Killed Natasha
  3181 | D:3      | Noticed Natasha
  3196 | D:3      | Killed Natasha
  3196 | D:3      | Gained mutation: You are immune to clouds of flame. [demonic ancestry]
  3196 | D:3      | Reached XP level 5. HP: 20/39 MP: 5/5
  3410 | D:3      | Found a runed door.
  3415 | D:3      | Noticed Crazy Yiuf
  3427 | D:3      | Killed Crazy Yiuf
  3427 | D:3      | Reached skill level 1 in Evocations
  3797 | D:4      | Reached skill level 4 in Staves
  3800 | D:4      | Reached XP level 6. HP: 24/47 MP: 5/7
  4300 | D:5      | Entered Level 5 of the Dungeon
  4446 | D:5      | Gained mutation: A demonic guardian rushes to your aid. [demonic ancestry]
  4446 | D:5      | Reached XP level 7. HP: 52/52 MP: 8/8
  4677 | D:5      | Noticed hypernormal's ghost (novice TeBe)
  4692 | D:5      | Killed hypernormal's ghost
  4692 | D:5      | Reached skill level 5 in Staves
  4774 | D:5      | Found a glowing golden altar of the Shining One.
  4873 | D:5      | Found a burning altar of Makhleb.
  5094 | D:5      | Noticed Grinder
  5101 | D:5      | Paralysed by Grinder for 7 turns
  5101 | D:5      | Killed Grinder
  5131 | D:5      | Reached XP level 8. HP: 60/60 MP: 10/10
  5590 | D:6      | Found a basalt altar of Yredelemnul.
  5658 | D:6      | Noticed Dowan
  5659 | D:6      | Noticed Duvessa
  5663 | D:6      | Killed Duvessa
  5674 | D:6      | Killed Dowan
  5703 | D:6      | Found a hazy altar of Hepliaklqana.
  5713 | D:6      | Became a worshipper of Hepliaklqana the Forgotten
  5714 | D:6      | Noticed Eustachio
  5720 | D:6      | Killed Eustachio
  5720 | D:6      | Reached skill level 6 in Staves
  5861 | D:6      | Found a shimmering altar of Xom.
  5997 | D:7      | Found a staircase to the Ecumenical Temple.
  6108 | D:7      | Reached * piety under Hepliaklqana
  6154 | D:7      | Found a hide-covered altar of Uskayaw.
  6267 | D:7      | Gained mutation: You have a pair of small antennae on your head. [demonic ancestry]
  6267 | D:7      | Reached XP level 9. HP: 52/60 MP: 11/11
  6551 | D:8      | Reached skill level 5 in Fighting
  6571 | D:8      | Found a staircase to the Lair.
  6603 | D:8      | Reached skill level 5 in Dodging
  6776 | D:8      | Noticed a two-headed ogre
  6782 | D:8      | Killed a two-headed ogre
  6782 | D:8      | Reached skill level 7 in Staves
  6782 | D:8      | Reached skill level 5 in Throwing
  6980 | D:8      | Noticed Maurice
  6987 | D:8      | Maurice changed into Maurice the ice beast
  7592 | D:9      | Reached ** piety under Hepliaklqana
  7593 | D:9      | Remembered your ancestor Xiloxoch as a battlemage
  7638 | D:9      | Reached skill level 5 in Evocations
  7965 | D:9      | Found Elopuaru's General Store.
  7974 | D:9      | Bought a potion of cancellation for 120 gold pieces
  7974 | D:9      | Bought a potion of heal wounds for 75 gold pieces
  8160 | D:10     | Entered Level 10 of the Dungeon
  8305 | D:10     | Gained mutation: You have very sharp fingernails. [demonic ancestry]
  8305 | D:10     | Reached XP level 10. HP: 68/68 MP: 13/13
  8643 | D:10     | Noticed a two-headed ogre
  8648 | D:10     | Killed a two-headed ogre
  8648 | D:10     | Reached skill level 8 in Staves
  8648 | D:10     | Reached skill level 5 in Armour
  8812 | D:10     | Found a staircase to the Orcish Mines.
  8909 | D:11     | Reached *** piety under Hepliaklqana
  8987 | D:11     | Found Fotokur's Gadget Shoppe.
  9108 | D:11     | Noticed a white ugly thing
  9187 | D:11     | Noticed a green ugly thing
  9198 | D:10     | Killed a green ugly thing
  9671 | D:11     | Killed a white ugly thing
  9972 | D:12     | Noticed a cyclops
  9972 | D:12     | Noticed Scuka's ghost (novice DESu)
 10019 | D:12     | Killed Scuka's ghost
 10019 | D:12     | Reached XP level 11. HP: 73/74 MP: 15/15
 10040 | D:12     | Reached skill level 9 in Staves
 10486 | D:12     | Paralysed by a hornet for 1 turns
 10657 | D:12     | Reached **** piety under Hepliaklqana
 11065 | Lair:1   | Entered Level 1 of the Lair of Beasts
 11096 | Lair:1   | Killed an unseen horror
 11926 | Lair:2   | Noticed Gastronok
 11947 | Lair:2   | Killed Gastronok
 12103 | Lair:2   | Found a deep blue altar of Sif Muna.
 12104 | Lair:2   | Reached ***** piety under Hepliaklqana
 12130 | Lair:2   | Reached skill level 10 in Staves
 12617 | Lair:3   | Noticed Sonja
 12625 | Lair:3   | Killed Sonja
 12625 | Lair:3   | Gained mutation: You have claws for hands. [demonic ancestry]
 12625 | Lair:3   | Reached XP level 12. HP: 60/82 MP: 17/17
 12940 | Lair:3   | Noticed Prince Ribbit
 12944 | Lair:3   | Noticed Prince Ribbit
 12944 | Lair:3   | Prince Ribbit changed into Prince Ribbit the black bear
 12945 | Lair:3   | Killed Prince Ribbit the black bear
 13700 | Lair:4   | Found a hole to the Spider Nest.
 14137 | Lair:4   | Found a staircase to the Shoals.
 14151 | Lair:4   | Slain by a snapping turtle

Vault maps used:
D:1:      mainiacjoe_arrival_reflecting_pool
D:2:      nicolae_ashenzari_panopticon, nicolae_gozag_seed_capital
D:3:      first_bread, glass_columns_b, uniq_crazy_yiuf_cottage, uniq_natasha
D:5:      kennysheep_kobold_camp, kennysheep_little_box, tso_metal_star,
          serial_bayou_lake_a, uniq_grinder
D:6:      old_standard_altar, tgw_xom, lemuel_coloured_pillars_altar,
          hangedman_decor_riveting, uniq_duvessa, uniq_eustachio
D:7:      kennysheep_mini_moat, minmay_temple_entry_junction
D:8:      minmay_lair_entry_lava, uniq_maurice
D:9:      serial_shops, shop
D:10:     orc_0_dummy
D:11:     serial_shops, nicolae_shop_behind_doors
D:12:     hangedman_pestilent_swarm, chequers_big_river, minmay_door_square
Lair:2:   basic_altar, uniq_gastronok
Lair:3:   infiniplex_staircase_pool_2, uniq_prince_ribbit2, uniq_sonja
Lair:4:   minmay_shoals_entry_hut, spider_nest_entry_web_field

Skill      XL: |  1  2  3  4  5  6  7  8  9 10 11 12 |
---------------+-------------------------------------+-----
Staves         | 3 4 5 6 7 8 10 | 10.6
Throwing       | 2 3 4 5 6 7 |  7.6
Armour         | 1 2 3 4 5 6 7 |  7.2
Dodging        | 3 4 5 6 7 |  7.8
Evocations     | 1 2 3 5 6 7 |  7.7
Fighting       | 3 4 5 6 7 8 |  8.3

Action                   |  1- 3 |  4- 6 |  7- 9 | 10-12 || total
-------------------------+-------+-------+-------+-------++-------
Melee: Quarterstaff      |   152 |    65 |   280 |   315 ||   812
       Staff             |    11 |    62 |       |     6 ||    79
 Fire: Blowgun           |       |     6 |    23 |    46 ||    75
Throw: Javelin           |     2 |     1 |     1 |    12 ||    16
       Tomahawk          |     1 |       |       |     5 ||     6
       Throwing net      |       |       |       |     1 ||     1
Invok: Ancestor Life: Ba |       |       |     1 |       ||     1
       Transference      |       |       |       |     2 ||     2
       Recall Ancestor   |       |       |       |     1 ||     1
  Use: Potion            |     4 |       |       |       ||     4
       Scroll            |       |       |     7 |    11 ||    18
 Stab: Distracted        |       |     2 |     2 |    11 ||    15
       Paralysed         |       |       |     3 |     8 ||    11
       Petrifying        |       |       |     1 |       ||     1
       Confused          |       |       |       |     2 ||     2
  Eat: Chunk             |     1 |     6 |    11 |    16 ||    34
       Bread ration      |     1 |       |       |     1 ||     2
       Royal jelly       |       |       |       |     1 ||     1
Armor: Leather armour    |    53 |    26 |       |       ||    79
       Ring mail         |       |    21 |    68 |    26 ||   115
       Chain mail        |       |       |       |   106 ||   106
Dodge: Dodged            |   147 |    94 |   155 |   200 ||   596

Table legend:
 A = Spawn XP
 B = Non-spawn XP
 C = Spawn XP percentage of total XP
 D = Spawn monster count
 E = Non-spawn monster count
 F = Spawn count percentage of total count
 G = Total turns spent on level
                    A         B        C        D         E        F      G
               +---------+---------+-------+---------+---------+-------+---------
         Total |       0 |   29381 |   0.0 |       0 |     352 |   0.0 | 14151
               +---------+---------+-------+---------+---------+-------+---------
           D:1 |       0 |      48 |   0.0 |       0 |      26 |   0.0 |  1240
           D:2 |       0 |      45 |   0.0 |       0 |      19 |   0.0 |  1434
           D:3 |       0 |     167 |   0.0 |       0 |      28 |   0.0 |  1041
           D:4 |       0 |     376 |   0.0 |       0 |      15 |   0.0 |   585
           D:5 |       0 |     878 |   0.0 |       0 |      32 |   0.0 |  1097
           D:6 |       0 |     985 |   0.0 |       0 |      23 |   0.0 |   521
           D:7 |       0 |     467 |   0.0 |       0 |       9 |   0.0 |   593
           D:8 |       0 |    1973 |   0.0 |       0 |      33 |   0.0 |  1000
           D:9 |       0 |     472 |   0.0 |       0 |      13 |   0.0 |   784
          D:10 |       0 |    2049 |   0.0 |       0 |      17 |   0.0 |   675
          D:11 |       0 |    2673 |   0.0 |       0 |      37 |   0.0 |  1014
          D:12 |       0 |    3985 |   0.0 |       0 |      34 |   0.0 |  1079
        Lair:1 |       0 |    2750 |   0.0 |       0 |      15 |   0.0 |   635
        Lair:2 |       0 |    4728 |   0.0 |       0 |      15 |   0.0 |   910
        Lair:3 |       0 |    4073 |   0.0 |       0 |      20 |   0.0 |   754
        Lair:4 |       0 |    3712 |   0.0 |       0 |      16 |   0.0 |   787
               +---------+---------+-------+---------+---------+-------+---------
